 Dungeon Crawl Stone Soup version 0.26-a0-757-g626ac9e51a (webtiles) character file.

Game seed: 13493015280586563336

43 jasper the Sneak (level 3, 0/19 HPs)
             Began as a Kobold Enchanter on Nov 7, 2020.
             Slain by a quokka (5 damage)
             ... on level 2 of the Dungeon.
             The game lasted 00:02:06 (1544 turns).

jasper the Sneak (Kobold Enchanter)                 Turns: 1544, Time: 00:02:06

Health: 0/19       AC:  2    Str:  6    XL:     3   Next: 82%
Magic:  2/6        EV: 15    Int: 16    God:
Gold:   33         SH:  0    Dex: 15    Spells: 3/6 levels left

rFire    . . .     SeeInvis .   a - +1 dagger
rCold    . . .     Faith    .   (shield restricted)
rNeg     + . .     Spirit   .   b - +0 robe
rPois    .         Reflect  .   (no helmet)
rElec    .         Harm     .   (no cloak)
rCorr    .         Rampage  .   (no gloves)
MR       .....                  (no boots)
Stlth    ++++......             (no amulet)
HPRegen  0.06/turn              e - ring of positive energy
MPRegen  0.10/turn              f - ring of flight

@: no status effects
A: small, nightstalker 3
a: Evoke Flight


You were on level 2 of the Dungeon.
You visited 1 branch of the dungeon, and saw 3 of its levels.

You collected 33 gold pieces.

Inventory:

Hand Weapons
 a - a +1 dagger (weapon)
Missiles
 h - 53 stones (quivered)
Armour
 b - a +0 robe (worn)
Jewellery
 c - an uncursed ring of ice
 e - a ring of positive energy (left hand)
 f - a ring of flight (right hand)
Scrolls
 d - a scroll of teleportation {unknown}
 g - a scroll of amnesia {unknown}
 i - 2 scrolls of identify {unknown}


   Skills:
 - Level 1.3 Short Blades
 - Level 2.4 Dodging
 + Level 6.3 Stealth
 - Level 2.1 Spellcasting
 - Level 3.0 Hexes


You had 3 spell levels left.
You knew the following spells:

 Your Spells              Type           Power        Failure   Level
a - Corona                Hex            ##.....      6%          1
b - Ensorcelled Hibernat  Hex/Ice        #.....       17%         2

Your spell library contained the following spells:

 Spells                   Type           Power        Failure   Level
 Confusing Touch          Hex            ##......     19%         3
 Tukima's Dance           Hex            ##......     19%         3
 Dazzling Flash           Conj/Hex       #.....       32%         3


Dungeon Overview and Level Annotations

Branches:
Dungeon (3/15)

Altars:
Elyvilon
Okawaru
Ru
Xom

Annotations:
D:2 Jessica


Innate Abilities, Weirdness & Mutations

You are small and have problems with some larger weapons.
You are completely attuned to the shadows.


Message History

The quokka barely misses you. The quokka bites you.
You take 4 damage, and have 6/19 hp.
MASSIVE DAMAGE!!
You hit the quokka.
The quokka is almost dead.
The quokka barely misses you.
You barely miss the quokka.
The quokka is almost dead.
The quokka misses you.
You hit the quokka but do no damage.
The quokka is severely wounded.
The quokka misses you.
You miss the quokka.
The quokka is severely wounded.
The quokka bites you.
* * * LOW HITPOINT WARNING * * *
You take 1 damage, and have 5/19 hp.
You closely miss the quokka.
The quokka is severely wounded.
The quokka bites you.
You die...

#......#.......##
###..###...♣....#
#......#..♣_♣...#
..##8÷.8##...♣....#
#.#[#..##......)..#
#.#...###.........#
#.......#........##
#...###......)....#
#)### ###....<@r..#
#.# #......)..#
#...# #.........#
#.### #.........#
.@ ##.......## .
##.....## #######


You could see a quokka.

Vanquished Creatures
  2 adders
  2 dart slugs (D:1)
  A giant cockroach (D:2)
  3 goblins
  4 hobgoblins
  2 kobolds (D:1)
  2 bats (D:1)
  3 frilled lizards (D:1)
  2 rats
21 creatures vanquished.

Notes
Turn   | Place    | Note
-------+----------+-------------------------------------------
     0 | D:1      | jasper the Kobold Enchanter began the quest for the Orb.
     0 | D:1      | Reached XP level 1. HP: 10/10 MP: 3/3
    99 | D:1      | Reached XP level 2. HP: 5/15 MP: 1/5
   283 | D:1      | Learned a level 2 spell: Ensorcelled Hibernation
   328 | D:1      | Reached skill level 5 in Stealth
   787 | D:2      | Noticed Jessica
   794 | D:1      | Reached XP level 3. HP: 3/19 MP: 2/6
  1045 | D:2      | Found a faded altar of an unknown god.
  1343 | D:2      | Found a white marble altar of Elyvilon.
  1346 | D:2      | Found an iron altar of Okawaru.
  1346 | D:2      | Found a shimmering altar of Xom.
  1349 | D:2      | Found a sacrificial altar of Ru.
  1429 | D:2      | Reached skill level 6 in Stealth
  1544 | D:2      | Slain by a quokka

Illustrated notes

Levels and vault maps discovered:
D:1:      saegor_arrival_simple_d, layout_basic
D:2:      layout_rooms, eat_drink_and_be_merry_uskayaw, minitemple,
          chequers_ecumenical_altar_simple, hangedman_decor_slide_cut,
          minmay_lizard_king, uniq_jessica
D:3:      layout_rooms, minmay_snake_closets, uniq_grinder

Skill      XL: |  1  2  3 |
---------------+----------+-----
Stealth        | 5 6 |  6.3
Short Blades   | |  1.3
Dodging        | |  2.4
Spellcasting   | |  2.1
Hexes          | |  3.0

Action                   || total
-------------------------++-------
Melee: Dagger            ||    91
 Cast: Corona            ||    10
       Ensorcelled Hiber ||     7
  Use: Potion            ||     1
 Stab: Sleeping          ||    10
Armor: Robe              ||    12
Dodge: Dodged            ||    83

Table legend: (Time is in decaauts)
 A = Elapsed time spent in this place.
 B = Non-inter-level travel time spent in this place.
 C = Inter-level travel time spent in this place.
 D = Time resting spent in this place.
 E = Time spent auto-exploring this place.
 F = Levels seen in this place.
 G = Mean time per level.
                   A        B        C        D        E       F      G
               +--------+--------+--------+--------+--------+-----+--------+
         Total |   1540 |   1459 |     81 |    745 |    456 |   3 |  513.3 |
       Dungeon |   1540 |   1459 |     81 |    745 |    456 |   3 |  513.3 |
               +--------+--------+--------+--------+--------+-----+--------+

Top non-repeatable levels by time:
     D:1: 1035 daAuts
     D:2: 498 daAuts
     D:3: 7 daAuts
